 Dungeon Crawl Stone Soup version 0.32-a0-876-gcfddb08e57 (webtiles) character file.

Game seed: 15868800476784251645

105 Gunch the Slasher (level 4, -1/38 HPs)
             Began as a Draconian Warper on Mar 31, 2024.
             Slain by a water moccasin (4 damage)
             ... on level 3 of the Dungeon.
             The game lasted 00:08:12 (2853 turns).

Gunch the Slasher (Draconian Warper)                Turns: 2853, Time: 00:08:13

Health: -1/38      AC:  5    Str: 15    XL:     4   Next: 54%
Magic:  4/7        EV: 11    Int: 13    God:
Gold:   138        SH:  0    Dex: 11    Spells: 5/7 levels left

rFire   + . .        a - +0 long sword (venom)
rCold   + . .        (no shield)
rNeg    . . .        (body armour unavailable)
rPois   +            (helmet restricted)
rElec   +            (no cloak)
rCorr   +            (no gloves)
SInv    .            (no boots)
Will    .....        (no amulet)
Stlth   +            (no ring)
HPRegen 0.26/turn    (no ring)
MPRegen 0.10/turn

%: no passive effects
@: resistant, on blink cooldown, slowed, very slow
A: AC +5, unfitting armour, cold-blooded
a: no special abilities


You were on level 3 of the Dungeon.
You visited 1 branch of the dungeon, and saw 3 of its levels.

You collected 138 gold pieces.

Inventory:

Hand Weapons
 a - a +0 long sword of venom (weapon)
 b - a +3 trident
Missiles
 i - 2 poisoned darts (quivered)
Scrolls
 e - a scroll of fear {unknown}
 f - a scroll of noise {unknown}
Potions
 c - a potion of berserk rage
 h - a potion of resistance


   Skills:
 + Level 3.5 Fighting
 * Level 4.1 Long Blades
 - Level 0.8 Throwing
 - Level 2.1 Dodging
 - Level 2.0 Spellcasting
 - Level 3.0 Translocations


You had 5 spell levels left.
You knew the following spells:

 Your Spells              Type           Power      Damage    Failure   Level
a - Blink                 Tloc           18%        N/A       11%         2

Your spell library contained the following spells:

 Spells                   Type           Power      Damage    Failure   Level
 Lesser Beckoning         Tloc           18%        N/A       11%         2
 Teleport Other           Tloc           9%         N/A       22%         3
 Freeze                   Ice            4%         1d3       26%         1
 Frozen Ramparts          Ice            2%         1d1       58%         3
 Hailstorm                Conj/Ice       1%         3d5       58%         3
 Maxwell's Portable Pile  Tloc           9%         2d(6-12)  58%         4
 Vhi's Electric Charge    Tloc/Air       10%        N/A       80%         4
 Dispersal                Tloc           4%         N/A       100%        6
 Gell's Gavotte           Tloc           4%         2d(13-19) 100%        6


Dungeon Overview and Level Annotations

Branches:
Dungeon (3/15)

Altars:
Beogh

Annotations:
D:3 Jessica


Innate Abilities, Weirdness & Mutations

Your plain brown scales are hard. (AC +5)
You cannot fit into any form of body armour.
You are cold-blooded and may be slowed by cold attacks.


Message History

The water moccasin bites you but does no damage.
The water moccasin barely misses you.
Jessica mumbles some strange words.
Jessica seems to speed up.
You see here a ball python corpse.
It was a potion of resistance.
You feel protected.
* * * LOW HITPOINT WARNING * * *
You feel very sick.
The water moccasin completely misses you.
The water moccasin bites you.
* * * LOW HITPOINT WARNING * * *
Okay, then.
Okay, then.
Casting: Blink (safe; 11% risk of failure)
Confirm with . or Enter, or press ? or * to list all spells.
You blink.
* * * LOW HITPOINT WARNING * * *
You feel very sick.
Okay, then.
You feel sick.
Okay, then.
You feel sick.
Blink to where?
Press: ? - help, Dir - move target
Okay, then.
You feel sick.
Blink to where?
Press: ? - help, Dir - move target
As you read the scroll of blinking, it crumbles to dust.
You feel ready to blink again.
You feel sick.
You are no longer poisoned.
Okay, then.
Casting: Blink (safe; 11% risk of failure)
Confirm with . or Enter, or press ? or * to list all spells.
You blink.
Jessica hits you with a +0 dagger.
* * * LOW HITPOINT WARNING * * *
The water moccasin bites you.
You die...

#r†## #.#........#.......... ...
##r.####...########..........
...# ##..#....## #.#........ #..#
##...##..## #.##.....## ..#
##...##..# #..##†#..## #.#
##..r##.# ##......##
##.#######.#....### ####.#.[##
...........####.@.####.......†###
##..........r...@S..§..........).
#.######.........####(..........
#.# #..######## ####........ ##.#
#.## ######........ ...######.###
#............. .###........######
#.####........ .###..............
#........
..†...............########.†.....
..##........#####...........)....


You could see a water moccasin, Jessica (fast) and 2 rats.

Vanquished Creatures
  2 adders
  4 dart slugs
  4 ribbon worms (D:2)
  11 orcs
  3 ball pythons
  8 bats
  2 endoplasms (D:3)
  4 giant cockroaches
  4 goblins
  A hobgoblin (D:3)
  2 jackals (D:1)
  3 kobolds
  3 frilled lizards
  9 rats
60 creatures vanquished.

Notes
Turn   | Place    | Note
-------+----------+-------------------------------------------
     0 | D:1      | Gunch the Draconian Warper began the quest for the Orb.
     0 | D:1      | Reached XP level 1. HP: 17/17 MP: 3/3
   298 | D:1      | Reached XP level 2. HP: 22/25 MP: 5/5
   986 | D:1      | Found a roughly hewn altar of Beogh.
  1007 | D:1      | Learned a level 2 spell: Blink
  1029 | D:1      | Found a faded altar of an unknown god.
  1453 | D:2      | Reached skill level 3 in Long Blades
  1641 | D:2      | Reached XP level 3. HP: 30/30 MP: 4/6
  2429 | D:3      | Reached XP level 4. HP: 35/38 MP: 7/7
  2647 | D:3      | Reached skill level 4 in Long Blades
  2824 | D:3      | Noticed Jessica
  2836 | D:3      | Noticed a water moccasin
  2853 | D:3      | Slain by a water moccasin

Illustrated notes

Levels and vault maps discovered:
D:1:      dpeg_arrival_tiny_h, layout_basic, serial_corexii_hall,
          chequers_hall_statues_y, corexii_hall_statues_i,
          corexii_hall_statues_u, chequers_hall_statues_y,
          hellmonk_ecumenical_altar_defaced_shrine,
          nicolae_concentric_dashed_squares_wild, feat_on_display
D:2:      minmay_angry_zag, layout_basic
D:3:      layout_rooms, tgw_fedhas, uniq_jessica

Skill      XL: |  1  2  3  4 |
---------------+-------------+-----
Long Blades    | 3 4 |  4.1
Fighting       | 3 |  3.5
Throwing       | |  0.8
Dodging        | |  2.1
Spellcasting   | |  2.0
Translocations | |  3.0

Action                     |  1- 3 |  4- 6 || total
---------------------------+-------+-------++-------
  Melee: Falchion          |    50 |       ||    50
         Tailslap          |    17 |     4 ||    21
         Long sword        |    81 |    45 ||   126
  Throw: Dart              |    27 |    18 ||    45
   Cast: Blink             |     1 |     2 ||     3
    Use: Scroll            |     4 |     1 ||     5
         Potion            |       |     2 ||     2
 Armour: Skin              |   109 |    35 ||   144
  Dodge: Dodged            |    81 |    34 ||   115

Table legend: (Time is in decaauts)
 A = Elapsed time spent in this place.
 B = Non-inter-level travel time spent in this place.
 C = Inter-level travel time spent in this place.
 D = Time resting spent in this place.
 E = Time spent auto-exploring this place.
 F = Levels seen in this place.
 G = Mean time per level.
                   A        B        C        D        E       F      G
               +--------+--------+--------+--------+--------+-----+--------+
         Total |   2894 |   2802 |     92 |      0 |   2320 |   3 |  964.7 |
       Dungeon |   2894 |   2802 |     92 |      0 |   2320 |   3 |  964.7 |
               +--------+--------+--------+--------+--------+-----+--------+

Top non-repeatable levels by time:
     D:2: 1294 daAuts
     D:1: 1279 daAuts
     D:3: 320 daAuts
